 Dungeon Crawl Stone Soup version 0.32-a0-705-g60f2335 (webtiles) character file.

Game seed: 10400072812497214477

7947 Toastz the Jinx (level 11, -21/83 HPs)
             Began as a Vampire Enchanter on Mar 14, 2024.
             Was an Elder of Dithmenos.
             Demolished by Urug
             ... wielding a +2 double sword of holy wrath
              (24 damage)
             ... on level 10 of the Dungeon.
             The game lasted 00:26:48 (8979 turns).

Toastz the Jinx (Vampire Enchanter)                 Turns: 8979, Time: 00:26:48

Health: -21/83     AC: 13    Str:  7    XL:     11   Next: 3%
Magic:  11/17      EV: 15    Int: 24    God:    Dithmenos [****..]
Gold:   624        SH:  0    Dex: 18    Spells: 7/18 levels left

rFire   + . .        a - +7 rapier of Massacring {flame, rF+ Int+3 Dex+2}
rCold   . . .        (no shield)
rNeg    . . .        M - +3 leather armour
rPois   .            m - +1 helmet
rElec   .            D - +2 cloak
rCorr   .            y - +1 pair of gloves
SInv    +            (no boots)
Will    +....        t - amulet of regeneration
Stlth   ++++++       (no ring)
HPRegen 1.33/turn    (no ring)
MPRegen 0.15/turn

%: no passive effects
@: healing quickly, wreathed by umbra
A: alive, fangs 3, see invisible, vampiric 2
a: Exsanguinate, Renounce Religion, Shadow Step


You were on level 10 of the Dungeon.
You worshipped Dithmenos.
Dithmenos was greatly pleased with you.
You visited 2 branches of the dungeon, and saw 11 of its levels.

You collected 691 gold pieces.
You spent 67 gold pieces at shops.

Inventory:

Hand Weapons
 a - the +7 rapier of Massacring (weapon) {flame, rF+ Int+3 Dex+2}
   (You found it on level 4 of the Dungeon)

   Int+3:     It affects your intelligence (+3).
   Dex+2:     It affects your dexterity (+2).
   rF+:       It protects you from fire.
 b - the +2 dagger of Foolhardiness {protect, Dex+3 SInv}
   (You found it on level 4 of the Dungeon)

   Dex+3:     It affects your dexterity (+3).
   SInv:      It lets you see invisible.
 g - a +2 dagger of draining
Missiles
 w - 4 atropa-tipped darts (quivered)
 H - 4 javelins
Armour
 h - a +1 leather armour of willpower
 m - a +1 helmet (worn)
 y - a +1 pair of gloves (worn)
 z - a +2 ring mail of cold resistance
 D - a +2 cloak (worn)
 L - a +0 buckler
 M - a +3 leather armour (worn)
Jewellery
 t - an amulet of regeneration (around neck)
 J - a ring of fire
Wands
 l - a wand of polymorph (5)
 q - a wand of paralysis (9)
 B - a wand of quicksilver (9)
 C - a wand of flame (20)
 G - a wand of mindburst (13)
 K - a wand of iceblast (8)
Scrolls
 e - a scroll of revelation {unknown}
 f - a scroll of immolation {unknown}
 i - a scroll of amnesia
 j - 2 scrolls of fog
 k - 5 scrolls of teleportation
 n - a scroll of brand weapon {unknown}
 u - a scroll of fear {unknown}
 v - 4 scrolls of poison
 E - a scroll of blinking {unknown}
 I - 2 scrolls of enchant weapon {unknown}
 N - a scroll of noise {unknown}
Potions
 c - 3 potions of invisibility
 d - 2 potions of mutation
 o - a potion of enlightenment {unknown}
 p - 2 potions of cancellation
 r - a potion of ambrosia
 s - a potion of curing
 x - a potion of resistance {unknown}
 A - a potion of attraction {unknown}
 F - 3 potions of heal wounds {unknown}


   Skills:
 + Level 6.4 Fighting
 + Level 8.8 Short Blades
 - Level 3.0 Armour
 + Level 8.2 Dodging
 + Level 8.8 Stealth
 - Level 4.0 Spellcasting
 - Level 3.0 Conjurations
 + Level 10.8 Hexes
 - Level 2.0 Ice Magic


You had 7 spell levels left.
You knew the following spells:

 Your Spells              Type           Power      Damage    Failure   Level
a - Ensorcelled Hibernat  Hex/Ice        70%        N/A       1%          2
b - Confusing Touch       Hex            54%        N/A       1%          3
c - Tukima's Dance        Hex            54%        N/A       1%          3
d - Dazzling Flash        Conj/Hex       76%        N/A       2%          3

Your spell library contained the following spells:

 Spells                   Type           Power      Damage    Failure   Level
 Kiss of Death            Conj/Necr      48%        2d9       8%          1
 Dispel Undead            Necr           4%         3d7       80%         4
 Conjure Ball Lightning   Conj/Air       6%         3x3d6     100%        6
 Discord                  Hex            27%        N/A       100%        8
 Disjunction              Tloc           2%         N/A       100%        8


Dungeon Overview and Level Annotations

Branches:
Dungeon (10/15)            Temple (1/1) D:6             Orc (0/2) D:9
   Lair: D:8-11

Altars:
Ashenzari
Cheibriados
Dithmenos
Fedhas
Gozag
Hepliaklqana
Kikubaaqudgha
Makhleb
Nemelex Xobeh
Okawaru
Qazlal
Ru
Sif Muna
Trog
Uskayaw
Vehumet
Wu Jian
Xom
Yredelemnul

Shops:
D:5 [

Annotations:
D:10 Urug


Innate Abilities, Weirdness & Mutations

Your natural rate of healing is accelerated.
You have razor-sharp teeth.
You have supernaturally acute eyesight. (SInv)
You are afflicted with vampirism and can become a bat while bloodless.


Message History

There is a stone staircase leading up here.
Found 5 stones.
You see here 5 stones.
A yak comes into view.
Found 6 stones.
Urug the Orcish Ballista comes into view.
She is wielding a +2 double sword of holy wrath, wearing a +1 scale mail of fire resistance and quivering silver javelins.
The helpless yak fails to defend itself.
You skewer the yak like a kebab!!!! You burn the yak.
You kill the yak!
Dithmenos accepts your kill. 2 yaks come into view.
You hear the faint creaking of a very distant portcullis.
You see here a yak corpse.
A yak comes into view.
Urug shouts!
You closely miss Urug.
Your shadow closely misses Urug.
Urug hits you with a +2 double sword of holy wrath!!
You convulse!!
The yak gores you!
* * * LOW HITPOINT WARNING * * *
You see here a yak corpse.
Casting: Confusing Touch (safe; 1% risk of failure)
Confirm with . or Enter, or press ? or * to list all spells.
Aiming: Tukima's Dance (safe; 1% risk of failure)
Press: ? - help, Shift-Dir - straight line, f - Urug
Aim: Urug, wielding a +2 double sword of holy wrath, wearing a +1 scale mail of fire resistance and quivering silver javelins (umbra, chance to affect: 56%) Urug resists with significant effort.
The yak bellows!
Urug barely misses you. The yak closely misses you.
Casting: Tukima's Dance (safe; 1% risk of failure)
Confirm with . or Enter, or press ? or * to list all spells.
Aiming: Tukima's Dance (safe; 1% risk of failure)
Press: ? - help, Shift-Dir - straight line, f/p - Urug
Aim: Urug, wielding a +2 double sword of holy wrath, wearing a +1 scale mail of fire resistance and quivering silver javelins (umbra, chance to affect: 56%) Urug resists with significant effort.
Urug hits you with a +2 double sword of holy wrath!!
* * * LOW HITPOINT WARNING * * *
You convulse!!
You die...
Urug says, "One more harpy dead."

..###.#####.####..#
#. #.# #..# #. #.#
#..# #. #.# #.(#
#.# #..#
#.#####.####..#
#........(##..#
#o#.##..######
#.@...........#
#Y####..#####.#
...# #..# ###.#
#..# #.# #..# #Y#
#..# .Y. #... ..
####


You could see Urug and 3 yaks.

Vanquished Creatures
  A cyclops (D:9)
  A troll (D:9)
  Grinder (D:5)
  4 slime creatures (D:8)
  2 wyverns (D:9)
  7 yaks
  A steam dragon (D:8)
  5 water moccasins
  Duvessa (D:4)
  5 orc warriors
  2 ice beasts
  2 black bears
  2 ogres
  3 centaurs
  A phantom (D:5)
  2 kobold brigands
  2 bullfrogs (D:8)
  A gnoll sergeant (D:9)
  3 scorpions
  Blork the orc (D:5)
  2 wights (D:9)
  Dowan (D:4)
  12 killer bees
  A bombardier beetle (D:4)
  4 hounds
  2 jellies
  8 orc priests
  Crazy Yiuf (D:5)
  2 iguanas (D:5)
  12 orc wizards
  A sleepcap (D:2)
  Terence (D:2)
  Natasha (thrice) (D:2)
  Robin (D:2)
  9 adders
  14 gnolls
  A shadow imp (D:4)
  4 white imps
  3 dart slugs
  51 orcs
  6 endoplasms
  9 hobgoblins
  3 jackals (D:2)
  15 kobolds
  4 quokkas
  3 ball pythons
  3 bats
  A frilled lizard (D:1)
  16 goblins
  2 rats
242 creatures vanquished.

Vanquished Creatures (collateral kills)
  An orc warrior (D:8)
  A wight (D:9)
  2 orc priests (D:9)
  A gnoll (D:4)
  2 orcs
7 creatures vanquished.

Vanquished Creatures (others)
  A dancing weapon (D:4)
1 creature vanquished.

Grand Total: 250 creatures vanquished

Notes
Turn   | Place    | Note
-------+----------+-------------------------------------------
     0 | D:1      | Toastz the Vampire Enchanter began the quest for the Orb.
     0 | D:1      | Reached XP level 1. HP: 13/13 MP: 3/3
    46 | D:1      | Found a faded altar of an unknown god.
   182 | D:1      | Reached XP level 2. HP: 19/19 MP: 5/5
   444 | D:1      | Learned a level 2 spell: Ensorcelled Hibernation
   659 | D:2      | Noticed Robin
   686 | D:1      | Reached skill level 5 in Hexes
   904 | D:1      | Gained mutation: You are afflicted with vampirism and can
                  | become a bat while bloodless. [Vampire growth]
   904 | D:1      | Reached XP level 3. HP: 24/24 MP: 3/6
   938 | D:2      | Killed Robin
   939 | D:2      | Reached skill level 5 in Stealth
  1042 | D:2      | Noticed Natasha
  1050 | D:2      | Killed Natasha
  1051 | D:2      | Reached skill level 1 in Ice Magic
  1051 | D:2      | Reached XP level 4. HP: 20/30 MP: 4/7
  1083 | D:2      | Learned a level 3 spell: Confusing Touch
  1172 | D:2      | Noticed Natasha
  1180 | D:2      | Killed Natasha
  1181 | D:2      | Reached skill level 1 in Armour
  1219 | D:2      | Reached skill level 6 in Hexes
  1359 | D:2      | Noticed Natasha
  1364 | D:2      | Killed Natasha
  1365 | D:2      | Reached XP level 5. HP: 35/35 MP: 5/8
  1429 | D:2      | Noticed Terence
  1448 | D:2      | Killed Terence
  1814 | D:3      | Learned a level 3 spell: Tukima's Dance
  2076 | D:3      | Reached XP level 6. HP: 39/41 MP: 9/9
  2883 | D:4      | Reached skill level 7 in Hexes
  3095 | D:4      | Found an opulent altar of Gozag.
  3096 | D:4      | Found an ornate altar of the Wu Jian Council.
  3106 | D:4      | Reached XP level 7. HP: 37/46 MP: 2/10
  3174 | D:4      | Found a sacrificial altar of Ru.
  3174 | D:4      | Found a hazy altar of Hepliaklqana.
  3175 | D:4      | Found an iron altar of Okawaru.
  3175 | D:4      | Found a shimmering altar of Xom.
  3175 | D:4      | Found a broken altar of Ashenzari.
  3176 | D:4      | Found a radiant altar of Vehumet.
  3176 | D:4      | Found a hide-covered altar of Uskayaw.
  3177 | D:4      | Found a shadowy altar of Dithmenos.
  3190 | D:4      | Became a worshipper of Dithmenos the Shadowed
  3291 | D:4      | Identified the +7 rapier of Massacring {flame, rF+ Int+3
                  | Dex+2}
  3341 | D:4      | Identified the +2 dagger of Foolhardiness {protect, Dex+3
                  | SInv}
  3448 | D:4      | Reached skill level 8 in Hexes
  3499 | D:4      | Noticed Duvessa
  3505 | D:4      | Noticed Dowan
  3506 | D:4      | Killed Duvessa
  3511 | D:4      | Killed Dowan
  3694 | D:5      | Entered Level 5 of the Dungeon
  3730 | D:5      | Reached skill level 9 in Hexes
  3813 | D:5      | Reached skill level 1 in Fighting
  3861 | D:5      | Noticed Grinder
  3866 | D:5      | Reached XP level 8. HP: 54/54 MP: 8/11
  3885 | D:5      | Found Higuank's Armour Shoppe.
  3889 | D:5      | Killed Grinder
  3889 | D:5      | Reached * piety under Dithmenos
  3895 | D:5      | Bought a +0 pair of gloves for 67 gold pieces
  4106 | D:5      | Reached skill level 10 in Hexes
  4147 | D:5      | Reached skill level 5 in Short Blades
  4216 | D:5      | Noticed Blork the orc
  4217 | D:5      | Killed Blork the orc
  4515 | D:5      | Found a runed translucent door.
  4516 | D:5      | Noticed Crazy Yiuf
  4523 | D:5      | Killed Crazy Yiuf
  4892 | D:6      | Found a staircase to the Ecumenical Temple.
  4899 | Temple   | Entered the Ecumenical Temple
  4989 | D:6      | Learned a level 3 spell: Dazzling Flash
  5297 | D:6      | Reached XP level 9. HP: 63/64 MP: 13/13
  5599 | D:7      | Reached skill level 1 in Conjurations
  5645 | D:7      | Reached skill level 5 in Dodging
  5724 | D:7      | Reached ** piety under Dithmenos
  6002 | D:7      | Found a basalt altar of Yredelemnul.
  6004 | D:7      | Noticed a profane servitor
  6205 | D:7      | HP: 2/65 [killer bee (5)]
  6870 | D:8      | Killed a large slime creature
  6871 | D:8      | Reached XP level 10. HP: 64/73 MP: 8/16
  6945 | D:8      | Reached *** piety under Dithmenos
  7015 | D:8      | Reached skill level 5 in Fighting
  8383 | D:9      | Found a staircase to the Orcish Mines.
  8391 | D:9      | Noticed a cyclops
  8430 | D:9      | Killed a cyclops
  8457 | D:9      | Reached **** piety under Dithmenos
  8753 | D:9      | Reached XP level 11. HP: 82/82 MP: 10/17
  8924 | D:10     | Entered Level 10 of the Dungeon
  8972 | D:10     | Noticed Urug
  8979 | D:10     | HP: 3/83 [Urug/+2 double sword of holy wrath (23)]
  8979 | D:10     | Demolished by Urug

Illustrated notes

Levels and vault maps discovered:
D:1:      ebering_trefoil_twist, layout_basic, basic_ecumenical_altar
D:2:      layout_basic, uniq_robin, uniq_natasha, uniq_terence
D:3:      layout_basic, grunt_ministairs_15, chequers_serial_rivers_small_b
D:4:      layout_basic, nicolae_overflows_in_rows, grunt_ministairs_3,
          uniq_duvessa
D:5:      layout_loops_ring, serial_shops, nicolae_square_shop,
          uniq_blork_the_orc, uniq_crazy_yiuf_cottage, uniq_grinder
D:6:      layout_loops_corners, minmay_temple_entry_overgrown
D:7:      layout_basic, grunt_temple_overflow_holy_war, minivault_24
D:8:      layout_layer_cave
D:9:      layout_basic, erik_orc_3, special_room [special_room_orc], st_stairs_2
D:10:     layout_loops_ring, grunt_lair_entry_orc_guard_hut, enter_bailey_3,
          uniq_urug
Temple:   nicolae_temple_two_arcs

Skill      XL: |  1  2  3  4  5  6  7  8  9 10 |
---------------+-------------------------------+-----
Hexes          | 5 6 7 9 10 | 10.8
Stealth        | 5 6 7 8 |  8.8
Short Blades   | 2 3 4 5 7 8 |  8.8
Ice Magic      | 1 2 |  2.0
Armour         | 1 2 3 |  3.0
Fighting       | 1 3 4 6 |  6.4
Dodging        | 4 6 8 |  8.2
Spellcasting   | 3 4 |  4.0
Conjurations   | 2 3 |  3.0

Action                     |  1- 3 |  4- 6 |  7- 9 | 10-12 || total
---------------------------+-------+-------+-------+-------++-------
  Melee: Dagger            |    79 |   135 |     5 |       ||   219
         Bite              |    11 |    16 |    20 |    24 ||    71
         Unarmed           |     3 |       |       |       ||     3
         Rapier            |       |       |   224 |   196 ||   420
   Cast: Ensorcelled Hiber |     5 |    26 |    27 |    19 ||    77
         Confusing Touch   |       |     3 |     5 |     3 ||    11
         Tukima's Dance    |       |     7 |     2 |     5 ||    14
         Dazzling Flash    |       |       |     4 |    10 ||    14
    Use: Scroll            |       |       |     9 |       ||     9
         Potion            |       |       |     4 |       ||     4
   Stab: Sleeping          |    10 |    21 |    28 |    17 ||    76
         Confused          |       |     2 |     4 |     2 ||     8
         Invisible         |       |       |     4 |     3 ||     7
 Armour: Robe              |     7 |       |       |       ||     7
         Leather armour    |    53 |    82 |   152 |    91 ||   378
         Skin              |     2 |       |       |       ||     2
  Dodge: Dodged            |    63 |    80 |   183 |   171 ||   497

Table legend: (Time is in decaauts)
 A = Elapsed time spent in this place.
 B = Non-inter-level travel time spent in this place.
 C = Inter-level travel time spent in this place.
 D = Time resting spent in this place.
 E = Time spent auto-exploring this place.
 F = Levels seen in this place.
 G = Mean time per level.
                   A        B        C        D        E       F      G
               +--------+--------+--------+--------+--------+-----+--------+
         Total |   8917 |   8470 |    447 |   1194 |   5366 |  11 |  810.6 |
       Dungeon |   8915 |   8468 |    447 |   1194 |   5366 |  10 |  891.5 |
        Temple |      1 |      1 |      0 |      0 |      0 |   1 |    1.0 |
               +--------+--------+--------+--------+--------+-----+--------+

Top non-repeatable levels by time:
     D:8: 1434 daAuts
     D:9: 1085 daAuts
     D:4: 950 daAuts
     D:5: 949 daAuts
     D:2: 932 daAuts
     D:3: 922 daAuts
     D:1: 883 daAuts
     D:7: 870 daAuts
     D:6: 833 daAuts
    D:10: 54 daAuts
  Temple: 1 daAuts
